cohdb
Replays
Latest Replays
All Replays
Popular Replays
Top Player Replays
Match Explorer
How It Works
Community
CoH3 Stats
Reddit
Sign in to upload your games and track your stats! →
Sign in with Steam
Match 44482885
Unlisted
Match 44482885
Overview
Messages
Build Orders
End
Construct Infanterie Kompanie
Grenadier Squad
Selects Breakthrough Battlegroup
Grenadier Squad
MG 42 Machine Gun Team
Grenadier Squad
Infanterie Officer Quarters
Selects Assault Grenadiers
Selects Breakthrough
GrW 34 Mortar Team
Construct Luftwaffe Kompanie
pagep
7k this year for sure
Anubis
MarkEsVonHinten
0
0
Comments
sign in to comment!
No comments posted yet!